 Dungeon Crawl Stone Soup version 0.31-a0-182-gc5ef74bbde (webtiles) character file.

Game seed: 11885789187744591128

4 Moral the Grave Robber (level 1, -2/13 HPs)
             Began as a Demonspawn Necromancer on June 21, 2023.
             Slain by a quokka (4 damage)
             ... on level 1 of the Dungeon.
             The game lasted 00:00:30 (102 turns).

Moral the Grave Robber (Demonspawn Necromancer)      Turns: 102, Time: 00:00:31

Health: -2/13      AC:  2    Str:  8    XL:     1   Next: 50%
Magic:  0/3        EV: 12    Int: 16    God:
Gold:   14         SH:  0    Dex: 13    Spells: 3/4 levels left

rFire   . . .        (no weapon)
rCold   . . .        (no shield)
rNeg    . . .        a - +0 robe
rPois   .            (no helmet)
rElec   .            (no cloak)
rCorr   .            (no gloves)
SInv    .            (no boots)
Will    .....        (no amulet)
Stlth   ++           (no ring)
HPRegen 0.22/turn    (no ring)
MPRegen 0.08/turn

%: no passive effects
@: no status effects
A: no striking features
a: no special abilities


You were on level 1 of the Dungeon.
You visited 1 branch of the dungeon, and saw 1 of its levels.

You collected 14 gold pieces.

Inventory:

Armour
 a - a +0 robe (worn)
Scrolls
 d - a scroll of butterflies {unknown}
Potions
 b - a potion of magic
 c - a potion of cancellation {unknown}
 e - 2 potions of might {unknown}


   Skills:
 + Level 1.8 Dodging
 + Level 1.9 Stealth
 + Level 2.0 Spellcasting
 + Level 4.4 Necromancy


You had 3 spell levels left.
You knew the following spells:

 Your Spells              Type           Power      Damage    Failure   Level
a - Necrotise             Necr           60%        1d7       3%          1

Your spell library contained the following spells:

 Spells                   Type           Power      Damage    Failure   Level
 Vampiric Draining        Necr           15%        2d7       10%         3
 Animate Dead             Necr           15%        N/A       32%         4
 Agony                    Necr           15%        N/A       67%         5


Dungeon Overview and Level Annotations

Branches:
Dungeon (1/15)

Altars:


Message History

The quokka bites you but does no damage.
The bat misses you. The bat hits you but does no damage.
The bat closely misses you. The bat attacks as you move away!
The bat closely misses you.
The ball python attacks as you move away!
The ball python bites you. The bat hits you but does no damage.
Your ball python skeleton bites the ball python.
Your ball python skeleton grabs the ball python.
Your ball python skeleton constricts the ball python.
The ball python writhes in agony.
You kill the ball python!
The bat hits you. The bat misses you. The quokka completely misses you.
The bat hits you.
You swap places.
The quokka bites your ball python skeleton.
Your ball python skeleton bites the quokka but does no damage.
Your ball python skeleton barely misses the quokka.
Something hits your ball python skeleton.
The quokka bites your ball python skeleton.
Your ball python skeleton is destroyed!
The quokka bites you.
Something barely misses your ball python skeleton.
Your ball python skeleton bites the quokka but does no damage.
Your ball python skeleton closely misses the quokka.
The quokka attacks as you move away!
The quokka bites you but does no damage.
The bat hits your ball python skeleton.
Your ball python skeleton bites the bat.
Your ball python skeleton grabs the bat.
Your ball python skeleton constricts the bat.
The quokka attacks as you move away! The quokka bites you.
* * * LOW HITPOINT WARNING * * *
The bat barely misses your ball python skeleton.
The bat struggles to escape constriction. x2
Your ball python skeleton bites the bat.
The bat dies!
The quokka barely misses you. The quokka attacks as you move away!
The quokka bites you.
You die...

#..........# #......#
##..........# #......#
............# #......#
?...........# ###......#
..)......>..###........#
####.....####...#......#
#...#..##..##.......# .
#......##.###.......#
...#...#.......r@.######
............Z###..# ####
...#....#.######..# >..#
........#.b# #...# ....#
.......##...##..#.# ....
.....###.b...####.#...
...## ......# #.#.##.#
.## ..####.# #......# .
... ##.####.####..#


You could see a quokka (ally target) and a friendly ball python skeleton.

Vanquished Creatures
  2 ball pythons (D:1)
  A bat (D:1)
  A kobold (D:1)
4 creatures vanquished.

Vanquished Creatures (collateral kills)
  A bat (D:1)
1 creature vanquished.

Grand Total: 5 creatures vanquished

Notes
Turn   | Place    | Note
-------+----------+-------------------------------------------
     0 | D:1      | Moral the Demonspawn Necromancer began the quest for the
                  | Orb.
     0 | D:1      | Reached XP level 1. HP: 13/13 MP: 3/3
   102 | D:1      | Slain by a quokka

Illustrated notes

Levels and vault maps discovered:
D:1:      dpeg_arrival_arbitrary_b, layout_rooms,
          hellmonk_ecumenical_altar_inner_sanctum, minmay_tetromino_t2

Action                     || total
---------------------------++-------
   Cast: Necrotise         ||     7
 Armour: Robe              ||     4
  Dodge: Dodged            ||     6

Table legend: (Time is in decaauts)
 A = Elapsed time spent in this place.
 B = Non-inter-level travel time spent in this place.
 C = Inter-level travel time spent in this place.
 D = Time resting spent in this place.
 E = Time spent auto-exploring this place.
 F = Levels seen in this place.
 G = Mean time per level.
                   A        B        C        D        E       F      G
               +--------+--------+--------+--------+--------+-----+--------+
         Total |    102 |    102 |      0 |      0 |     63 |   1 |  102.0 |
       Dungeon |    102 |    102 |      0 |      0 |     63 |   1 |  102.0 |
               +--------+--------+--------+--------+--------+-----+--------+

Top non-repeatable levels by time:
     D:1: 102 daAuts
